 Dungeon Crawl Stone Soup version 0.19-a0-347-g6bb00b2 (webtiles) character file.

67 wvc the Covered (level 3, 0/27 HPs)
             Began as a Demonspawn Wanderer on May 29, 2016.
             Succumbed to an adder's poison
             ... on level 2 of the Dungeon.
             The game lasted 00:04:19 (1799 turns).

wvc the Covered (Demonspawn Wanderer)               Turns: 1799, Time: 00:04:20

Health: 0/27       AC:  8    Str: 10    XL:     3   Next: 98%
Magic:  4/4        EV:  8    Int: 13    God:
Gold:   141        SH:  7    Dex: 17    Spells: 0 memorised, 4 levels left

rFire  . . .     SeeInvis .     f - 3 bread rations
rCold  . . .     Gourm    .     c - +0 ring mail
rNeg   . . .     Faith    .     a - +0 shield
rPois  .         Spirit   .     g - +1 helmet
rElec  .         Dismiss  .     (no cloak)
rCorr  .         Reflect  .     j - +0 pair of gloves
SustAt .         Harm     .     (no boots)
MR     .....                    (no amulet)
Stlth  +.........               (no ring)
                                (no ring)

@: lethally poisoned (0 -> -2), flying, not resistant to hostile enchantments,
very unstealthy
A: talons 1, thin skeletal structure 1
a: no special abilities


You were on level 2 of the Dungeon.
You were not hungry.

You visited 1 branch of the dungeon, and saw 3 of its levels.

You collected 141 gold pieces.

Inventory:

Armour
 a - a +0 shield (worn)
 c - a +0 ring mail (worn)
 g - a +1 helmet (worn)
 j - a +0 pair of gloves (worn)
Jewellery
 n - an uncursed ring of fire {unknown}
Wands
 k - a wand of lightning (5/15)
Scrolls
 d - 2 scrolls of remove curse {unknown}
 e - a scroll of magic mapping {unknown}
 h - 4 scrolls of blinking {unknown}
 i - 2 scrolls of identify {unknown}
 l - a scroll of fog {unknown}
Potions
 b - a potion of flight
Comestibles
 f - 3 bread rations (in hand)
 m - 2 fruits


   Skills:
 - Level 2.0 Fighting
   Level 0.1 Short Blades
 - Level 1.0 Throwing
 - Level 2.6 Armour
 - Level 2.1 Dodging
 - Level 1.0 Shields
 * Level 2.2 Unarmed Combat
 - Level 1.0 Spellcasting
   Level 1.7 Earth Magic


You had 4 spell levels left.
You didn't know any spells.

Dungeon Overview and Level Annotations

Branches:
Dungeon (3/15)

Altars:


Innate Abilities, Weirdness & Mutations

You have sharp toenails.
You have a somewhat thin skeletal structure. (Dex +2, Stealth)


Message History

* * * LOW HITPOINT WARNING * * *
You feel sick.
You see here a goblin corpse.
Wield which item (- for none, * to show all)? (? for menu, Esc to quit)
Okay, then.
Drink which item? (? for menu, Esc to quit)
Okay, then.
Wield which item (- for none, * to show all)? (? for menu, Esc to quit)
f - 3 bread rations (in hand)
You swing at nothing.
* * * LOW HITPOINT WARNING * * *
You feel sick.
You swing at nothing.
You swing at nothing.
* * * LOW HITPOINT WARNING * * *
You feel sick.
You swing at nothing.
You swing at nothing.
You swing at nothing.
You die...

######## #......# ##.###.# #.#
#.# #)# #.# ##########
#.###.###############......).###
#.##.......>†..@....'........'..
#.#########.#########......(.###
#.# #.# ########## #.#
#)#################### #.#
######..................... #.#
#.....##################### #.#
#.....# #.####.....###
#....'.....'.#


There were no monsters in sight!

Vanquished Creatures
  An adder (D:2)
  2 oozes (D:2)
  A dart slug (D:1)
  A giant gecko (D:2)
  6 bats
  2 giant cockroaches
  4 goblins
  11 hobgoblins
  3 ball pythons
  2 giant newts
  7 kobolds
  8 rats
48 creatures vanquished.

Notes
Turn   | Place    | Note
--------------------------------------------------------------
     0 | D:1      | wvc the Demonspawn Wanderer began the quest for the Orb.
     0 | D:1      | wvc set off with: a +0 shield, the Almanac of Confrontation, a +0 ring mail, a +0 dagger, a bread ration
     0 | D:1      | Reached XP level 1. HP: 16/16 MP: 2/2
    42 | D:1      | Identified the Almanac of Confrontation
    96 | D:1      | Reached skill level 1 in Dodging
   124 | D:1      | Gained mutation: You have sharp toenails. [demonic ancestry]
   124 | D:1      | Reached XP level 2. HP: 1/22 MP: 3/3
  1138 | D:2      | Gained mutation: You have a somewhat thin skeletal structure. (Dex +2, Stealth) [demonic ancestry]
  1138 | D:2      | Reached XP level 3. HP: 27/27 MP: 4/4
  1279 | D:2      | Reached skill level 1 in Unarmed Combat
  1794 | D:2      | HP: 1/27 [poisoned by an adder]
  1799 | D:2      | Succumbed to an adder's poison

Vault maps used:
D:1:      kennysheep_arrival_seaside
D:3:      lemuel_coloured_pillars_altar, uniq_natasha

Skill      XL: |  1  2  3 |
---------------+----------+-----
Dodging        | 1 2 |  2.1
Unarmed Combat | 2 |  2.2
Fighting       | |  2.0
Short Blades   | |  0.1
Throwing       | |  1.0
Armour         | |  2.6
Shields        | |  1.0
Spellcasting   | |  1.0
Earth Magic    | |  1.7

Action                   || total
-------------------------++-------
Melee: Dagger            ||    44
       Unarmed           ||   211
       Kick              ||    56
  Use: Potion            ||     1
 Stab: Sleeping          ||     1
  Eat: Chunk             ||     3
Armor: Ring mail         ||   104
Dodge: Dodged            ||    84
Block: Shield            ||    94
